Map: Odyssey LE

Players

Probe - Winner!

  • Race: Protoss Protoss
  • Spawn Location: 5:00

Neeb

  • Race: Protoss Protoss
  • Spawn Location: 11:00

Event: WCS Valencia 2017

VOD

Have the link to the VOD?

Description

Time

  • Played on: July 14, 2017, 1:21 p.m.
  • Length: 16:52

All games in this series

Show
View Real Time Build Order
Export as new Build Order

Probe Protoss - Winner!

Build Orders: Blink Stalkers, Zealot Archon 

Get SALT Encoding   

  12  0:00  Probe (Chrono Boost)  
  13  0:11  Probe (Chrono Boost)  
  14  0:17  Pylon  
  14  0:22  Probe (Chrono Boost)  
  15  0:35  Probe (Chrono Boost)  
  16  0:36  Gateway  
  16  0:46  Probe (Chrono Boost), Assimilator  
  17  0:52  Assimilator  
  17  0:56  Probe (Chrono Boost)  
  18  1:04  Gateway  
  18  1:07  Probe (Chrono Boost)  
  19  1:17  Probe (Chrono Boost)  
  20  1:22  Cybernetics Core  
  20  1:28  Probe (Chrono Boost)  
  21  1:34  Pylon  
  21  1:39  Probe (Chrono Boost)  
  22  1:49  Probe (Chrono Boost)  
  23  1:58  Stalker  
  23  1:59  Stalker, Warp Gate (Chrono Boost)  
  23  2:01  Probe  
  29  2:19  Pylon, Mothership Core  
  30  2:39  Nexus  
  30  2:43  Probe  
  31  2:47  Sentry  
  31  2:48  Sentry  
  35  2:55  Probe  
  36  3:01  Pylon  
  36  3:07  Probe  
  36  3:10  Twilight Council  
  37  3:19  Probe  
  37  3:29  Robotics Facility  
  37  3:31  Probe (Chrono Boost)  
  38  3:40  Blink (Chrono Boost)  
  38  3:43  Probe (Chrono Boost)  
  39  3:51  Probe  
  39  3:54  Probe  
  41  4:01  Probe  
  41  4:06  Probe  
  43  4:10  Stalker  
  43  4:11  Stalker  
  43  4:12  Probe  
  48  4:18  Probe  
  48  4:24  Probe  
  49  4:26  Immortal (Chrono Boost)  
  49  4:30  Probe  
  55  4:36  Probe  
  55  4:38  Stalker  
  57  4:46  Probe, Pylon  
  57  4:47  Assimilator  
  57  4:48  Probe, Assimilator  
  59  4:58  Probe  
  60  5:00  Probe  
  60  5:01  Observer (Chrono Boost)  
  60  5:04  Forge  
  60  5:05  Pylon  
  62  5:10  Probe  
  62  5:13  Stalker  
  62  5:14  Stalker  
  67  5:15  Probe  
  68  5:22  Probe  
  68  5:26  Immortal (Chrono Boost)  
  68  5:27  Pylon  
  69  5:30  Pylon  
  73  5:36  Protoss Ground Weapons Level 1 (Chrono Boost)  
  73  5:38  Charge  
  73  5:40  Probe  
  73  5:41  Probe  
  75  5:45  Pylon  
  75  6:00  Nexus  
  75  6:01  Immortal  
  75  6:11  Probe x2  
  81  6:23  Probe x2  
  83  6:28  Gateway  
  83  6:31  Gateway x2  
  83  6:37  Immortal  
  83  6:38  Gateway  
  83  6:44  Probe x2  
  89  6:56  Probe x2  
  89  7:04  Gateway  
  89  7:06  Gateway  
  89  7:08  Probe x2, Templar Archives  
  91  7:16  Immortal  
  91  7:20  Probe x2  
  97  7:23  Probe  
  97  7:27  Pylon  
  97  7:28  Photon Cannon  
  98  7:32  Probe  
  98  7:33  Probe  
  98  7:34  Protoss Ground Weapons Level 2 (Chrono Boost), Probe  
  101  7:44  Probe  
  101  7:45  Probe  
  101  7:46  High Templar x4  
  101  7:47  Zealot  
  101  7:48  Zealot  
  101  7:50  Photon Cannon  
  115  7:52  Assimilator  
  115  7:53  Archon  
  115  7:54  Assimilator, Archon  
  115  7:56  Immortal  
  119  8:07  Zealot  
  119  8:08  Zealot  
  119  8:16  Zealot x2  
  121  8:21  Probe  
  120  8:30  Nexus  
  120  8:32  Pylon, High Templar x2  
  120  8:33  Warp Prism  
  124  8:36  Pylon x2  
  124  8:37  Archon  
  124  8:39  Pylon  
  122  8:49  Pylon  
  122  8:51  High Templar x2  
  122  8:52  High Templar x2  
  122  8:53  Zealot, Pylon  
  132  8:56  Archon  
  132  8:57  Pylon, Archon  
  132  9:01  Zealot  
  132  9:13  High Templar x2  
  134  9:18  Archon  
  134  9:19  Zealot  
  134  9:23  Zealot  
  134  9:24  Zealot x3  
  144  9:31  Probe  
  144  9:33  Protoss Ground Weapons Level 3 (Chrono Boost)  
  141  9:46  Zealot x8  
  141  9:51  Assimilator  
  157  9:54  Photon Cannon  
  153  10:06  High Templar x2  
  153  10:07  Zealot, High Templar x2  
  159  10:08  Zealot x3  
  159  10:11  Immortal  
  169  10:15  Archon x2  
  167  10:23  Probe x2, Robotics Bay  
  167  10:24  Probe x2  
  155  10:30  Gateway  
  155  10:32  Gateway  
  155  10:33  Zealot  
  155  10:34  Zealot x3, Gateway  
  163  10:43  High Templar  
  163  10:44  High Templar  
  163  10:51  Archon  
  163  10:55  Zealot x6  
  165  11:10  Probe  
  156  11:16  Zealot  
  156  11:17  Zealot x7  
  153  11:26  Disruptor  
  155  11:39  Zealot  
  157  11:40  Zealot x10  
  157  11:46  Pylon  
  177  11:48  Robotics Facility  
  165  12:00  Disruptor  
  156  12:11  Zealot x2  
  156  12:12  Zealot x8  
  176  12:19  Probe  
  176  12:20  Probe x2  
  179  12:24  Protoss Ground Armor Level 1 (Chrono Boost)  
  178  12:33  Zealot x5  
  178  12:36  Disruptor  
  188  12:46  Pylon  
  188  12:51  Pylon  
  179  13:00  Zealot x7  
  180  13:09  Disruptor (Chrono Boost)  
  180  13:11  Disruptor (Chrono Boost)  
  164  13:14  High Templar x4  
  164  13:19  Archon x2  
  150  13:25  Zealot x6  
  148  13:43  High Templar  
  148  13:45  Disruptor (Chrono Boost)  
  148  13:46  High Templar x8  
  169  13:49  High Templar  
  169  13:50  Archon x2  
  169  13:51  Archon x2  
  169  13:52  Nexus  
  171  14:01  Archon  
  171  14:02  High Templar  
  167  14:17  Protoss Ground Armor Level 2  
  167  14:18  Zealot x2  
  167  14:19  Zealot x7  
  167  14:22  Mothership Core  
  185  14:27  Photon Cannon  
  185  14:29  Photon Cannon  
  185  14:31  Immortal (Chrono Boost)  
  187  14:32  Photon Cannon  
  183  14:50  Pylon  
  183  14:52  Pylon, High Templar  
  183  14:53  High Templar x2  
  183  14:55  Assimilator  
  183  14:56  Zealot x2  
  183  14:57  Zealot x3  
  183  14:59  Assimilator, Archon  
  194  15:04  Archon  
  192  15:11  Dark Shrine  
  192  15:12  Immortal (Chrono Boost)  
  194  15:35  Zealot x4  
  184  15:36  Zealot x5  
  200  15:49  Zealot  
  198  15:50  Zealot  
  186  16:10  Zealot x7  
  136  16:37  Zealot x11  
Show
View Real Time Build Order
Export as new Build Order

Neeb Protoss 

Build Orders:  

Get SALT Encoding   

  12  0:00  Probe (Chrono Boost)  
  13  0:11  Probe (Chrono Boost)  
  14  0:17  Pylon  
  14  0:22  Probe (Chrono Boost)  
  15  0:35  Probe (Chrono Boost)  
  16  0:36  Gateway  
  16  0:43  Assimilator  
  16  0:45  Probe (Chrono Boost)  
  17  0:52  Assimilator  
  17  0:56  Probe (Chrono Boost)  
  18  1:06  Gateway  
  18  1:07  Probe (Chrono Boost)  
  19  1:17  Probe (Chrono Boost)  
  20  1:23  Cybernetics Core  
  20  1:29  Probe (Chrono Boost)  
  21  1:39  Pylon  
  21  1:40  Probe (Chrono Boost)  
  22  1:50  Probe (Chrono Boost)  
  25  2:01  Mothership Core (Chrono Boost), Warp Gate (Chrono Boost)  
  29  2:19  Nexus  
  25  2:26  Stalker  
  27  2:34  Stalker  
  29  2:38  Probe  
  30  2:45  Pylon  
  30  2:50  Probe  
  31  3:03  Stalker  
  34  3:06  Stalker  
  34  3:07  Probe  
  36  3:21  Robotics Facility  
  36  3:29  Pylon  
  36  3:30  Probe  
  36  3:32  Probe  
  37  3:42  Probe  
  37  3:43  Probe  
  39  3:50  Sentry x2  
  39  3:53  Probe  
  39  3:54  Probe  
  45  4:04  Forge, Probe  
  45  4:06  Probe  
  45  4:08  Observer  
  48  4:14  Probe  
  48  4:16  Sentry  
  51  4:18  Probe  
  51  4:22  Pylon  
  52  4:25  Probe  
  52  4:30  Probe  
  52  4:31  Immortal  
  54  4:36  Probe  
  59  4:42  Probe  
  60  4:46  Probe, Protoss Ground Weapons Level 1 (Chrono Boost)  
  61  4:53  Twilight Council  
  61  4:55  Probe  
  61  4:57  Probe, Assimilator  
  61  4:58  Assimilator  
  63  5:03  Pylon  
  63  5:07  Probe, Pylon  
  64  5:08  Immortal  
  64  5:11  Probe  
  69  5:19  Probe  
  70  5:23  Probe  
  71  5:31  Probe, Blink (Chrono Boost)  
  71  5:34  Gateway  
  71  5:35  Gateway  
  72  5:39  Probe  
  72  5:41  Sentry  
  75  5:44  Immortal  
  75  5:47  Probe  
  80  5:51  Probe  
  81  6:00  Pylon  
  81  6:06  Pylon  
  81  6:07  Pylon  
  81  6:11  Nexus  
  81  6:18  Stalker x2  
  83  6:20  Immortal  
  89  6:28  Probe  
  89  6:29  Probe  
  91  6:37  Protoss Ground Weapons Level 2 (Chrono Boost)  
  91  6:40  Probe, Stalker  
  91  6:41  Probe  
  94  6:49  Pylon  
  94  6:53  Probe  
  96  7:02  Observer, Nexus  
  96  7:08  Gateway x2  
  98  7:10  Pylon  
  98  7:13  Sentry x2, Stalker x2  
  104  7:22  Probe x2  
  106  7:23  Warp Prism  
  108  7:30  Charge  
  108  7:34  Probe x2  
  110  7:40  Zealot x3, Templar Archives  
  116  7:48  Zealot  
  118  7:54  Immortal  
  118  7:56  Assimilator  
  122  8:07  Zealot x2  
  126  8:14  Pylon  
  126  8:15  Pylon  
  126  8:17  Pylon  
  126  8:27  Probe  
  126  8:28  Probe x2  
  126  8:32  Photon Cannon  
  126  8:33  Pylon  
  129  8:36  Immortal, Nexus  
  131  8:50  Protoss Ground Weapons Level 3 (Chrono Boost)  
  131  8:51  Gateway  
  131  8:55  Gateway  
  131  8:56  Gateway  
  131  8:59  Pylon  
  131  9:08  Gateway  
  131  9:09  Gateway  
  131  9:13  Pylon  
  131  9:15  Pylon  
  131  9:17  High Templar x3  
  131  9:18  High Templar x2  
  131  9:20  High Templar  
  131  9:21  Archon x2  
  143  9:24  Immortal  
  143  9:26  Archon  
  147  9:45  Colossus x2  
  147  9:50  Zealot x5  
  155  10:01  Zealot x2, High Templar x2  
  155  10:05  Archon  
  163  10:11  Zealot x5  
  163  10:12  Zealot x2  
  174  10:17  Photon Cannon  
  174  10:19  Probe x3, Colossus x2  
  174  10:20  Probe  
  168  10:25  Photon Cannon, Immortal  
  167  10:29  High Templar x2  
  167  10:33  Archon  
  175  10:37  Assimilator  
  175  10:38  Assimilator  
  175  10:55  Zealot x9  
  193  10:59  Immortal  
  161  11:25  High Templar x3  
  163  11:26  Zealot x7, High Templar  
  183  11:33  Immortal, Archon x2  
  183  11:35  Photon Cannon  
  183  11:36  Photon Cannon  
  183  11:38  Protoss Shields Level 1 (Chrono Boost)  
  183  11:39  Photon Cannon  
  179  11:55  Nexus  
  179  11:56  High Templar x2  
  179  11:57  Zealot x5  
  193  12:01  Archon  
  193  12:03  Photon Cannon  
  193  12:10  Dark Shrine  
  193  12:27  High Templar x3  
  199  12:31  Archon  
  185  12:46  High Templar, Stargate  
  185  12:47  Zealot x7, Stargate  
  193  12:57  Archon  
  191  13:05  Zealot x3  
  143  13:14  Zealot x3  
  143  13:15  Zealot  
  130  13:31  Probe x3, Phoenix  
  130  13:32  Probe x2, Phoenix  
  137  13:36  Stalker x4  
  137  13:39  Pylon  
  145  13:42  Probe x3  
  145  13:43  Protoss Shields Level 2 (Chrono Boost)  
  145  13:44  Probe  
  145  13:45  Probe  
  150  13:56  Phoenix (Chrono Boost)  
  150  14:00  Phoenix (Chrono Boost)  
  154  14:07  Photon Cannon  
  154  14:09  High Templar x2  
  158  14:13  Archon  
  157  14:22  High Templar x2  
  157  14:23  Zealot x3  
  167  14:30  Archon  
  167  14:43  Phoenix x2 (Chrono Boost)  
  165  14:47  Zealot x5  
  175  14:53  Probe x3, Photon Cannon  
  176  15:04  Immortal  
  176  15:07  Phoenix (Chrono Boost)  
  176  15:12  Phoenix (Chrono Boost)  
  178  15:24  Fleet Beacon  
  178  15:25  Assimilator  
  178  15:26  Assimilator  
  172  15:38  High Templar x2  
  172  15:41  Zealot x5  
  172  15:42  Archon  
  168  16:07  High Templar x2  
  168  16:08  Zealot x7  
  168  16:12  Archon  
  152  16:21  Zealot x2  
  99  16:36  Zealot x7  
Tags
 
Add a new tag
Caveats
  • Supply blocks, unpowered buildings, or Contaminate may cause inaccurate times.
  • Supply counts are checked every 10 seconds.